AoeStats
← 進清十郎

Fortress

507514349Analyzed
4v4 RM · 13d ago on Sep 18, 2026· 26m 36s· 8 players
Game mode
Random Map
Map size
Huge
Population
200
Speed
Normal
Resources
Standard
Victory
Conquest
Starting age
Dark Age
Ending age
Imperial Age
RankedLock teamsTeams togetherTeam positionsShared explorationLock speedFull tech treeHidden civsTurbo modeCheats
Victory
Defeat
🇨🇦 Wei · Canada
1375
+16
🇵🇱 Japanese · Poland
1365
+17
🇵🇱 Malay · Poland
1330
+18
🇵🇱 Byzantines · Poland
1264
+20
🇭🇰 Persians · Hong Kong SAR China
1409
-19
🇨🇳 Mongols · China
1372
-18
1361
-17
🇨🇳 Italians · China
1355
-17
進清十郎
6:49 Feudal Age
10:54 Castle Age
9:11 Double-Bit Axe
11:53 Bow Saw
11:24 Horse Collar
17:15 Loom
18:08 Wheelbarrow
20:44 Heavy Plow
21:56 Hand Cart
21:34 Gold Mining
25:54 Imperial Age
24:00 Scale Barding Armor
24:06 Forging
25:17 Bloodlines
25:07 Husbandry
25:28 Chain Barding Armor
25:38 Cavalier
27:34 Plate Barding Armor
Ejatch Lemayahu Gewodros
7:30 Feudal Age
9:42 Double-Bit Axe
12:50 Castle Age
15:44 Horse Collar
19:08 Loom
21:49 Heavy Plow
XHK
7:26 Feudal Age
11:23 Castle Age
9:30 Horse Collar
9:59 Double-Bit Axe
12:23 Bow Saw
12:21 Loom
18:20 Wheelbarrow
18:05 Gold Mining
18:09 Stone Mining
24:59 Imperial Age
23:28 Gold Shaft Mining
23:30 Stone Shaft Mining
23:31 Heavy Plow
23:26 Fletching
23:36 Padded Archer Armor
24:48 Hand Cart
25:04 Ballistics
24:38 Town Watch
24:52 Bodkin Arrow
25:13 Leather Archer Armor
26:51 Chemistry
26:19 Bracer
菜菜
6:50 Feudal Age
8:27 Loom
10:48 Castle Age
8:41 Loom
8:48 Double-Bit Axe
9:10 Horse Collar
11:48 Bow Saw
14:06 Wheelbarrow
17:25 Stone Mining
18:31 Hand Cart
18:29 Gold Mining
19:59 Stone Mining
20:14 Heavy Plow
Ranchy
6:33 Feudal Age
6:58 Double-Bit Axe
7:06 Gold Mining
6:58 Horse Collar
8:31 Stone Mining
8:43 Town Watch
9:36 Wheelbarrow
10:30 Loom
14:06 Castle Age
15:00 Bow Saw
14:51 Heavy Plow
15:11 Hand Cart
18:02 Town Watch
20:10 Scale Barding Armor
20:15 Husbandry
21:06 Bloodlines
23:20 Chain Barding Armor
23:39 Gold Shaft Mining
23:39 Stone Shaft Mining
23:33 Forging
25:12 Tuntian
26:08 Iron Casting
29:32 Imperial Age
Czotyn
7:22 Feudal Age
11:12 Castle Age
9:23 Double-Bit Axe
10:23 Horse Collar
18:26 Bow Saw
19:49 Wheelbarrow
20:54 Pikeman
21:34 Squires
21:20 Arson
22:18 Forging
22:08 Scale Mail Armor
25:37 Imperial Age
25:10 Iron Casting
24:50 Chain Mail Armor
26:43 Conscription
26:33 Halberdier
jkeR.!
7:35 Feudal Age
11:40 Castle Age
11:55 Double-Bit Axe
19:16 Wheelbarrow
18:29 Horse Collar
25:14 Imperial Age
23:21 Hand Cart
23:03 Gold Mining
23:56 Elite Skirmisher
GoodFunHaveLuck
9:28 Feudal Age
13:03 Castle Age
12:07 Forging
12:04 Scale Barding Armor
22:47 Iron Casting
23:59 Husbandry
24:45 Double-Bit Axe
Connection lost

Rejoining the realm…

Still unreachable

The connection could not be restored.

Session expired

The server has moved on; the page needs a fresh start.